Map: Zen LE

Players

DanielR - Winner!

  • Race: Protoss Protoss
  • League: Gold
  • Spawn Location: 1:00

antagomiR

  • Race: Protoss Protoss
  • League: Gold
  • Spawn Location: 7:00

VOD

Have the link to the VOD?

Description

Time

  • Played on: April 7, 2020, 4:08 p.m.
  • Length: 11:15
Show
View Real Time Build Order
Export as new Build Order

DanielR Protoss - Winner!

Build Orders:  

Get SALT Encoding   

  12  0:03  Probe (Chrono Boost)  
  13  0:18  Pylon  
  13  0:24  Probe  
  14  0:30  Assimilator  
  14  0:36  Probe  
  15  0:43  Forge  
  15  0:48  Probe  
  16  1:00  Probe (Chrono Boost)  
  16  1:04  Pylon  
  17  1:12  Probe (Chrono Boost)  
  18  1:19  Gateway  
  18  1:30  Assimilator  
  18  1:38  Gateway  
  18  1:51  Photon Cannon  
  18  1:57  Photon Cannon  
  18  2:02  Probe  
  19  2:14  Probe  
  20  2:26  Probe  
  20  2:28  Cybernetics Core  
  21  2:32  Pylon  
  21  2:48  Pylon  
  21  3:08  Stargate  
  21  3:10  Stargate  
  21  3:55  Void Ray (Chrono Boost)  
  25  3:59  Nexus  
  25  4:00  Void Ray (Chrono Boost)  
  29  4:04  Assimilator  
  29  4:08  Probe (Chrono Boost)  
  31  4:18  Probe (Chrono Boost)  
  31  4:35  Void Ray (Chrono Boost)  
  35  4:47  Void Ray  
  39  4:58  Pylon  
  39  5:14  Void Ray  
  47  5:41  Void Ray (Chrono Boost)  
  47  5:42  Probe (Chrono Boost)  
  48  5:53  Probe (Chrono Boost)  
  49  5:58  Probe (Chrono Boost)  
  49  6:00  Void Ray (Chrono Boost)  
  54  6:20  Void Ray (Chrono Boost)  
  58  6:38  Pylon  
  62  6:51  Void Ray (Chrono Boost)  
  62  6:53  Pylon  
  62  7:02  Void Ray (Chrono Boost)  
  66  7:17  Photon Cannon  
  66  7:44  Photon Cannon  
  66  7:50  Void Ray  
  70  8:34  Void Ray x2  
  78  9:17  Void Ray x2  
  80  9:57  Stalker  
  82  10:00  Void Ray  
  86  10:08  Void Ray  
Show
View Real Time Build Order
Export as new Build Order

antagomiR Protoss 

Build Orders: Chargelot Immortal 

Get SALT Encoding   

  12  0:01  Probe  
  14  0:14  Probe  
  14  0:27  Pylon  
  14  0:30  Probe  
  15  0:55  Gateway  
  15  1:02  Probe  
  16  1:06  Assimilator  
  16  1:14  Probe  
  17  1:26  Probe  
  18  1:44  Cybernetics Core  
  18  1:58  Pylon  
  18  2:04  Pylon  
  18  2:05  Nexus  
  18  2:12  Probe  
  18  2:13  Assimilator  
  18  2:15  Warp Gate (Chrono Boost)  
  19  2:37  Robotics Facility  
  19  2:39  Shield Battery  
  19  2:41  Adept (Chrono Boost)  
  21  2:45  Probe  
  22  2:58  Probe  
  23  3:09  Pylon  
  23  3:10  Probe  
  26  3:13  Stalker  
  26  3:17  Probe  
  27  3:22  Probe  
  28  3:28  Twilight Council  
  28  3:29  Probe  
  28  3:32  Observer (Chrono Boost)  
  30  3:34  Probe  
  31  3:41  Probe  
  32  3:51  Gateway  
  32  3:54  Observer  
  33  4:01  Probe x2  
  35  4:09  Pylon  
  35  4:13  Probe x2  
  37  4:17  Gateway  
  37  4:25  Probe x2  
  37  4:26  Sentry  
  41  4:36  Immortal  
  41  4:37  Probe x2  
  47  4:57  Probe x2  
  49  5:07  Templar Archives  
  49  5:09  Probe x2  
  51  5:21  Probe x2  
  51  5:27  Sentry  
  51  5:28  Zealot x2  
  59  5:33  Probe  
  60  5:47  Nexus  
  60  5:48  Charge (Chrono Boost)  
  60  5:49  Pylon  
  60  5:51  Pylon  
  60  5:53  Pylon  
  60  6:07  Immortal  
  60  6:11  Probe x2  
  66  6:18  Pylon  
  66  6:19  Shield Battery  
  66  6:20  Shield Battery  
  66  6:23  Probe  
  67  6:27  Sentry  
  67  6:28  Sentry  
  71  6:43  Stalker  
  71  6:46  Probe  
  71  6:47  Probe  
  75  6:56  Gateway x2  
  75  6:59  Probe x2  
  75  7:00  Forge  
  77  7:03  Forge  
  77  7:10  Gateway  
  77  7:11  Probe x2, Gateway  
  77  7:13  Probe  
  80  7:19  Gateway  
  80  7:23  Probe x2  
  80  7:25  Probe  
  80  7:27  Immortal  
  87  7:35  Probe  
  88  7:45  Dark Shrine  
  88  7:56  Assimilator  
  88  7:58  Zealot x5  
  94  7:59  Assimilator  
  94  8:05  Probe x3  
  101  8:07  Immortal  
  101  8:10  Assimilator  
  105  8:13  Assimilator  
  105  8:17  Probe  
  94  8:30  Stalker  
  94  8:31  Stalker x2  
  89  8:42  Photon Cannon  
  89  8:46  Photon Cannon  
  89  8:49  Photon Cannon  
  89  8:51  Photon Cannon  
  89  8:53  Photon Cannon  
  79  9:00  Zealot x2  
  46  9:49  Gateway  
  46  9:51  Gateway  
  44  9:53  Gateway  
  44  9:57  Gateway  
  42  10:00  Photon Cannon  
  42  10:02  Photon Cannon  
  42  10:03  Photon Cannon  
  42  10:07  Pylon  
  42  10:15  Photon Cannon  
  14  10:41  Nexus  
  14  10:47  Pylon  
  14  10:48  Pylon  
  14  11:07  Stalker  
  14  11:08  Stalker x2  
Tags
 
League
GoldGold
Matchup
PvP
Replay Pack
20200422
Spawn Locations
Cross Positions
Add a new tag
Caveats
  • Supply blocks, unpowered buildings, or Contaminate may cause inaccurate times.
  • Supply counts are checked every 10 seconds.